 Dungeon Crawl Stone Soup version 0.31-a0-986-g5e6e4ef867 (webtiles) character file.

Game seed: 10816031310923444070

135 avis the Ducker (level 4, 0/21 HPs)
             Began as a Felid Shapeshifter on Nov 4, 2023.
             Slain by a worm (8 damage)
             ... on level 3 of the Dungeon.
             The game lasted 00:15:04 (2234 turns).

avis the Ducker (Felid Shapeshifter)                Turns: 2234, Time: 00:15:05

Health: 0/21       AC:  1    Str: 10    XL:     4   Next: 96%
Magic:  5/5        EV: 19    Int: 11    God:
Gold:   112        SH:  0    Dex: 17    Spells: 3/3 levels left
                                        Lives:  0   Deaths: 2

rFire   . .          .
                       - Unarmed
rCold   . . .        (shield unavailable)
rNeg    . . .        (body armour unavailable)
rPois   .            (helmet unavailable)
rElec   .            (cloak unavailable)
rCorr   .            (gloves unavailable)
SInv    +            (boots unavailable)
Will    .....        (no amulet)
Stlth   ++           (no ring)
HPRegen 0.23/turn    (no ring)
MPRegen 0.09/turn

%: no passive effects
@: beast-form, quick
A: beast (slay +2), very small, claws 1, fangs 3, see invisible, speed 1, shaggy
fur 1, stealthy paws, no weapons or thrown items, no armour, multi-lived
a: Begin Untransformation


You were on level 3 of the Dungeon.
You were a hulking beast.
You visited 1 branch of the dungeon, and saw 3 of its levels.

You collected 112 gold pieces.

Inventory:

Talismans
 b - a beast talisman
 f - a flux talisman
 s - a serpent talisman
Wands
 r - a wand of light (9)
Scrolls
 g - 2 scrolls of enchant armour {unknown}
 h - a scroll of revelation {unknown}
 i - 2 scrolls of identify {unknown}
 j - a scroll of noise {unknown}
 l - a scroll of teleportation {unknown}
 o - 2 scrolls of fear {unknown}
 p - 3 scrolls of vulnerability {unknown}
 t - a scroll of poison {unknown}
 u - a scroll of torment {unknown}
Potions
 a - a potion of lignification
 c - a potion of might {unknown}
 d - 3 potions of curing {unknown}
 e - a potion of heal wounds {unknown}
 k - a potion of cancellation {unknown}
 m - a potion of attraction {unknown}
 n - a potion of mutation {unknown}
 q - a potion of degeneration {unknown}


   Skills:
 - Level 3.0 Fighting
 - Level 5.0 Dodging
 - Level 3.0 Unarmed Combat
 * Level 3.9 Shapeshifting


You had 3 spell levels left.
You didn't know any spells.
Your spell library contained the following spells:

 Spells                   Type           Power      Damage    Failure   Level
 Magic Dart               Conj           0%         1d3       34%         1
 Necrotise                Necr           0%         1d4       34%         1
 Searing Ray              Conj           0%         2d4       47%         2
 Call Canine Familiar     Summ           0%         N/A       71%         3
 Sigil of Binding         Hex            0%         N/A       71%         3
 Vampiric Draining        Necr           0%         2d6       71%         3
 Fulminant Prism          Conj/Hex       0%         3d5       98%         4
 Leda's Liquefaction      Hex/Erth       0%         N/A       98%         4
 Agony                    Necr           0%         N/A       100%        5
 Dimensional Bullseye     Hex/Tloc       Unusable   N/A       N/A         4

Dungeon Overview and Level Annotations

Branches:
Dungeon (3/15)

Altars:
Okawaru


Innate Abilities, Weirdness & Mutations

You are a hulking beast.
Your limbs bulge with bestial killing power. (Slay +2)
You have sharp claws.
You have razor-sharp teeth.
You have supernaturally acute eyesight. (SInv)
You cover ground quickly. (Speed+)
You are covered in fur. (AC +1)
Your paws help you pounce on unaware monsters.
You are incapable of wielding weapons or throwing items.
You cannot wear armour.
You gain extra lives every three experience levels.


Message History

Your transformation is almost over.
The river rat bites you but does no damage.
The river rat barely misses you.
The rat splashes around in the water.
You smack the rat!
You kill the rat!
The river rat barely misses you.
The river rat bites you but does no damage.
You smack the river rat!
The river rat is severely wounded.
The river rat bites you but does no damage. x2
You hit the river rat.
You kill the river rat!
The river rat closely misses you.
You hit the river rat but do no damage.
The river rat is lightly wounded.
The river rat bites you but does no damage.
You closely miss the river rat.
The river rat is lightly wounded.
The river rat bites you but does no damage.
You hit the river rat.
The river rat is heavily wounded.
The river rat bites you.
* * * LOW HITPOINT WARNING * * *
You barely miss the river rat.
The river rat is heavily wounded.
The river rat barely misses you.
You smack the river rat!
You kill the river rat!
You feel less wooden.
You turn into a hulking beast.
You see here a rat corpse.
There is a collapsed entrance here.
You scratch the worm.
The worm is moderately wounded.
You scratch the worm.
The worm is moderately wounded.
You scratch the worm.
The worm is heavily wounded.
The worm bites you!
You die...

#......##########........
###.######~# ~# ####.####
#######.# #~~~# ~# #....#
........# #†#~##~ ######
#######.# #~#w#~~ # #.#
#~#~#~##~# #.# #~#~#~~~~#
#### #.## #w#~#~#### #...
#..###h#~~~††~# #.##
##...########~# ###.#
###.~~~~~~~~~# #...#
##~~#~#~#######.###
#.~.~~~~~..#...#
#.....~....#.###
#..........#.#
########..†..# #######


You could see a worm.

Vanquished Creatures
  3 river rats (D:3)
  5 adders
  3 worms (D:3)
  An orc (D:3)
  4 bats
  8 endoplasms
  A giant cockroach (D:1)
  4 goblins
  2 hobgoblins (D:1)
  A quokka (D:2)
  5 ball pythons
  3 frilled lizards
  10 kobolds
  7 rats
57 creatures vanquished.

Notes
Turn   | Place    | Note
-------+----------+-------------------------------------------
     0 | D:1      | avis the Felid Shapeshifter began the quest for the Orb.
     0 | D:1      | Reached XP level 1. HP: 9/9 MP: 2/2
    77 | D:1      | Reached XP level 2. HP: 7/13 MP: 3/3
   124 | D:1      | Reached skill level 3 in Dodging
   901 | D:2      | Reached XP level 3. HP: 16/16 MP: 4/4
  1785 | D:3      | Reached skill level 4 in Dodging
  1785 | D:3      | Reached XP level 4. HP: 21/21 MP: 5/5
  1808 | D:3      | Found an iron altar of Okawaru.
  2057 | D:3      | Slain by a worm
  2058 | D:3      | Identified the +7 hand axe of Absolution {protect, +Blink
                  | rC+ Str+2 Int+3}
  2065 | D:3      | Slain by a kobold
  2207 | D:3      | Reached skill level 5 in Dodging
  2234 | D:3      | Slain by a worm

Illustrated notes

Levels and vault maps discovered:
D:1:      dpeg_arrival_boxorama, layout_rooms, minmay_heptomino_w4
D:2:      layout_basic, corexii_item_surrounded_by_moat,
          hangedman_abyss_or_decor_stabs, minmay_fractal_squares_gapless_5
D:3:      layout_basic, okawaru_trees_2, lightli_sewer_entry_pipes

Skill      XL: |  1  2  3  4 |
---------------+-------------+-----
Fighting       | 2 3 |  3.0
Dodging        | 3 4 5 |  5.0
Unarmed Combat | |  3.0
Shapeshifting  | |  3.9

Action                     |  1- 3 |  4- 6 || total
---------------------------+-------+-------++-------
  Melee: Unarmed           |    82 |    87 ||   169
         Bite              |     4 |     5 ||     9
         Punch             |     4 |       ||     4
    Use: Potion            |       |     1 ||     1
   Stab: Sleeping          |     6 |     1 ||     7
 Armour: Skin              |    12 |    46 ||    58
  Dodge: Dodged            |    57 |    45 ||   102

Table legend: (Time is in decaauts)
 A = Elapsed time spent in this place.
 B = Non-inter-level travel time spent in this place.
 C = Inter-level travel time spent in this place.
 D = Time resting spent in this place.
 E = Time spent auto-exploring this place.
 F = Levels seen in this place.
 G = Mean time per level.
                   A        B        C        D        E       F      G
               +--------+--------+--------+--------+--------+-----+--------+
         Total |   1902 |   1659 |    243 |    236 |    628 |   3 |  634.0 |
       Dungeon |   1902 |   1659 |    243 |    236 |    628 |   3 |  634.0 |
               +--------+--------+--------+--------+--------+-----+--------+

Top non-repeatable levels by time:
     D:1: 702 daAuts
     D:2: 630 daAuts
     D:3: 569 daAuts
